AoeStats
← Green Assassin

Hideout

503479778Analyzed
4v4 RM · 1mo ago on Aug 31, 2026· 59m 29s· 8 players
Game mode
Random Map
Map size
Large (8 player)
Population
200
Speed
Normal
Resources
Standard
Victory
Conquest
Starting age
Dark Age
Ending age
Imperial Age
RankedLock teamsTeams togetherTeam positionsShared explorationLock speedFull tech treeHidden civsTurbo modeCheats
Victory
Defeat
🇮🇪 Huns · Ireland
1305
+13
🇪🇸 Goths · Spain
1228
+17
🇩🇪 Persians · Germany
1213
+18
🇧🇷 Poles · Brazil
1198
+18
🇩🇪 Romans · Germany
1268
-17
🇭🇰 Persians · Hong Kong SAR China
1249
-17
🇫🇷 Spanish · France
1239
-16
🇹🇷 Hindustanis · Türkiye
1233
-16
heichan000002
11:15 Feudal Age
9:31 Loom
15:39 Castle Age
14:18 Double-Bit Axe
17:55 Bow Saw
22:29 Wheelbarrow
23:59 Hand Cart
24:44 Gold Mining
24:45 Stone Mining
24:51 Stone Mining
30:00 Imperial Age
28:09 Fletching
31:48 Gold Shaft Mining
31:21 Kamandaran
30:43 Crossbowman
34:43 Bodkin Arrow
jawsy_
7:48 Loom
11:29 Feudal Age
15:16 Castle Age
13:28 Double-Bit Axe
14:24 Horse Collar
25:17 Stone Mining
25:18 Gold Mining
27:02 Wheelbarrow
28:31 Scale Barding Armor
28:27 Padded Archer Armor
29:31 Bloodlines
33:00 Chain Barding Armor
32:50 Forging
34:32 Husbandry
37:39 Imperial Age
37:27 Stone Shaft Mining
36:57 Heavy Plow
37:11 Bow Saw
37:06 Light Cavalry
38:23 Hand Cart
37:48 Cavalier
39:07 Plate Barding Armor
39:08 Iron Casting
39:19 Conscription
39:21 Hussar
41:26 Elite Conquistador
DellyMamy
6:35 Loom
9:37 Feudal Age
10:21 Double-Bit Axe
10:19 Horse Collar
20:06 Wheelbarrow
21:42 Castle Age
19:39 Gold Mining
21:07 Bloodlines
23:25 Scale Barding Armor
23:33 Forging
24:15 Husbandry
28:26 Stone Mining
30:14 Chain Barding Armor
31:12 Bow Saw
32:35 Heavy Plow
37:24 Imperial Age
36:09 Gold Shaft Mining
36:09 Stone Shaft Mining
36:27 Iron Casting
36:07 Grand Trunk Road
36:25 Town Watch
37:26 Heavy Camel Rider
38:38 Conscription
38:58 Plate Barding Armor
39:46 Blast Furnace
41:41 Fletching
Green Assassin
0:28 Loom
10:21 Feudal Age
15:49 Fletching
17:00 Man-at-Arms
17:43 Scale Mail Armor
17:53 Forging
25:08 Castle Age
23:10 Double-Bit Axe
23:20 Horse Collar
25:41 Wheelbarrow
25:25 Long Swordsman
26:06 Squires
28:24 Chain Mail Armor
28:22 Ballistas
30:16 Pikeman
33:47 Ballistics
39:32 Imperial Age
37:35 Gold Mining
37:58 Bow Saw
39:06 Iron Casting
39:37 Hand Cart
41:27 Conscription
40:45 Heavy Scorpion
41:34 Siege Engineers
42:30 Chemistry
43:58 Legionary
46:24 Hand Cart
50:22 Halberdier
57:35 Scale Barding Armor
58:38 Blast Furnace
57:48 Husbandry
57:08 Light Cavalry
59:19 Bloodlines
EweRwoRld
11:02 Feudal Age
15:18 Castle Age
14:49 Fletching
15:00 Padded Archer Armor
15:03 Loom
18:27 Double-Bit Axe
26:16 Thumb Ring
27:35 Bodkin Arrow
27:46 Horse Collar
31:34 Wheelbarrow
32:42 Bow Saw
35:03 Ballistics
37:35 Imperial Age
35:54 Leather Archer Armor
37:14 Hand Cart
37:49 Heavy Plow
37:50 Heavy Cavalry Archer
39:32 Parthian Tactics
40:40 Chemistry
39:46 Bracer
42:27 Forging
42:23 Scale Barding Armor
43:19 Atheism
44:26 Husbandry
44:48 Bloodlines
46:01 Chain Barding Armor
46:16 Iron Casting
48:36 Conscription
48:17 Marauders
47:42 Light Cavalry
49:07 Plate Barding Armor
49:33 Blast Furnace
50:06 Two-Man Saw
49:05 Gold Mining
49:05 Stone Mining
49:14 Hussar
54:04 Elite Tarkan
55:27 Scale Mail Armor
57:09 Gold Shaft Mining
56:57 Chain Mail Armor
57:39 Sappers
58:14 Squires
58:00 Arson
Birkules
9:31 Feudal Age
12:34 Bloodlines
13:26 Loom
19:37 Double-Bit Axe
22:22 Castle Age
20:37 Arson
20:48 Horse Collar
21:21 Gold Mining
22:13 Forging
22:08 Scale Barding Armor
23:10 Husbandry
23:31 Bow Saw
23:37 Stone Mining
25:50 Wheelbarrow
37:11 Imperial Age
37:12 Gold Shaft Mining
37:28 Cavalier
39:35 Citadels
40:12 Hand Cart
41:19 Fletching
42:05 Iron Casting
41:51 Chain Barding Armor
43:06 Stone Shaft Mining
42:50 Elite Skirmisher
43:19 Light Cavalry
46:08 Chemistry
45:05 Murder Holes
48:13 Hussar
50:15 Savar
51:52 Masonry
51:33 Heated Shot
52:04 Ballistics
52:34 Heavy Plow
54:13 Blast Furnace
53:49 Plate Barding Armor
53:10 Bodkin Arrow
54:46 Two-Man Saw
57:56 Padded Archer Armor
oscaroi1992
11:08 Feudal Age
14:53 Scale Mail Armor
20:30 Castle Age
18:43 Stone Mining
19:11 Gold Mining
19:12 Double-Bit Axe
20:16 Forging
20:48 Pikeman
22:06 Squires
26:18 Iron Casting
29:56 Imperial Age
28:50 Chain Mail Armor
30:00 Anarchy
33:51 Elite Huskarl
37:16 Perfusion
38:54 Wheelbarrow
40:39 Halberdier
43:07 Blast Furnace
50:59 Fletching
51:10 Padded Archer Armor
51:10 Elite Skirmisher
52:45 Bodkin Arrow
53:06 Leather Archer Armor
53:38 Ballistics
54:19 Chemistry
53:26 Bracer
56:28 Ring Archer Armor
۞_KDZ_۞
7:34 Loom
10:18 Feudal Age
10:48 Double-Bit Axe
12:13 Horse Collar
15:11 Fletching
22:49 Castle Age
20:59 Gold Mining
22:54 Wheelbarrow
23:19 Crossbowman
23:23 Pikeman
23:55 Arson
25:01 Bow Saw
25:42 Bodkin Arrow
26:36 Ballistics
26:37 Padded Archer Armor
28:09 Leather Archer Armor
33:05 Hand Cart
33:19 Thumb Ring
33:08 Town Watch
33:33 Light Cavalry
37:03 Stone Mining
38:18 Heavy Plow
41:40 Imperial Age
39:29 Bloodlines
39:19 Husbandry
39:48 Squires
40:50 Husbandry
42:03 Scale Mail Armor
42:13 Forging
42:09 Arbalester
43:20 Crop Rotation
45:38 Elite Skirmisher
46:24 Winged Hussar
52:15 Scale Barding Armor
52:20 Forging
54:28 Stone Shaft Mining
54:33 Bracer
58:05 Conscription
59:23 Elite Obuch
Connection lost

Rejoining the realm…

Still unreachable

The connection could not be restored.

Session expired

The server has moved on; the page needs a fresh start.